BSA
HENDERSONVILLE HITMEN @ CHICAGO MACHINE
06/08/2024
 
TOP OF THE 1ST
Hendersonville Hitmen batting - Pitching for Chicago Machine : RHP Geoffrey Keller
Pitching: RHP Geoffrey Keller
Batting: RHB Carlos García 0-0: Foul Ball, location: 2F
0-1: Foul Ball, location: 2F
0-2: Foul Ball, location: 2F
0-2: Foul Ball, location: 2F
0-2: Ball
1-2: Ball
2-2: Foul Ball, location: 2F
2-2: Ball
3-2: Strikes out swinging
Batting: SHB Tony López 0-0: Reached on error, E2 (Groundball, 2R)
Batting: RHB Manolo Román 0-0: Fly out, F7 (Flyball, 7M)
Batting: LHB Lorenzo Villa 0-0: Called Strike
0-1: Ball
1-1: Ground out 4-3 (Groundball, 34)
Top of the 1st over - 0 run(s), 0 hit(s), 1 error(s), 1 left on base; Hendersonville 0 - Chicago 0
BOTTOM OF THE 1ST
Chicago Machine batting - Pitching for Hendersonville Hitmen : RHP Carlos Hernández
Pitching: RHP Carlos Hernández
Batting: LHB Francisco Vega 0-0: Ball
1-0: Foul Ball, location: 2F
1-1: Ball
2-1: Called Strike
2-2: SINGLE (Line Drive, 8RS)
Batting: SHB Joaquín López 0-0: Ball
1-0: Foul Ball, location: 2F
1-1: SINGLE (Line Drive, 8LS)
Francisco Vega to second
Francisco Vega to third
Batting: LHB Bob Smith Pickoff Throw to First - Out!
0-0: Ball
1-0: Called Strike
1-1: Foul Ball, location: 2F
1-2: Ball
2-2: Ground out 6-3 (Groundball, 6)
Francisco Vega scores
Batting: LHB Eric Wheeler 0-0: Swinging Strike
0-1: Ball
1-1: Ball
2-1: Ball
3-1: Ground out 5-3 (Groundball, 56S)
Bottom of the 1st over - 1 run(s), 2 hit(s), 0 error(s), 0 left on base; Hendersonville 0 - Chicago 1
TOP OF THE 2ND
Hendersonville Hitmen batting - Pitching for Chicago Machine : RHP Geoffrey Keller
Batting: LHB Terry White 0-0: Called Strike
0-1: Foul Ball, location: 2F
0-2: Ball
1-2: Ball
2-2: Strikes out looking
Batting: SHB David Johnstone 0-0: Ground out 6-3 (Groundball, 6M)
Batting: LHB Jerry Johnston 0-0: Swinging Strike
0-1: Foul Ball, location: 2F
0-2: Ball
1-2: Foul Ball, location: 2F
1-2: Fly out, F7 (Flyball, 7M)
Top of the 2nd over - 0 run(s), 0 hit(s), 0 error(s), 0 left on base; Hendersonville 0 - Chicago 1
BOTTOM OF THE 2ND
Chicago Machine batting - Pitching for Hendersonville Hitmen : RHP Carlos Hernández
Batting: RHB Roberto Cardona 0-0: Called Strike
0-1: Ball
1-1: Ball
2-1: SINGLE (Line Drive, 8RS)
Batting: LHB Marcos Vargas 0-0: Called Strike
Roberto Cardona steals 2nd base
0-1: SINGLE (Groundball, 34D)
Roberto Cardona to third
Batting: LHB Domingo Flores 0-0: Ball
1-0: Ball
2-0: Foul Ball, location: 2F
2-1: Foul Ball, location: 2F
2-2: Ball
3-2: Base on Balls
Marcos Vargas to second
Batting: RHB Fabrice Brodeur 0-0: Foul Ball, location: 2F
0-1: Ball
1-1: Foul Ball, location: 2F
1-2: Ball
2-2: Fly out, F9 (Flyball, 9D)
Runner from 3rd tags up, SCORES, no throw
Marcos Vargas to third
Batting: RHB Rick Ayliffe 0-0: Called Strike
0-1: Ball
1-1: Ball
2-1: Grounds into double play, 2-6-3 (Groundball, 2R)
Bottom of the 2nd over - 1 run(s), 2 hit(s), 0 error(s), 1 left on base; Hendersonville 0 - Chicago 2
TOP OF THE 3RD
Hendersonville Hitmen batting - Pitching for Chicago Machine : RHP Geoffrey Keller
Batting: RHB Junior Vargas 0-0: Ball
1-0: Swinging Strike
1-1: Ball
2-1: Fly out, F3 (Popup, 3SF)
Batting: RHB Taylor McFarland 0-0: Ball
1-0: Called Strike
1-1: Ball
2-1: Swinging Strike
2-2: Ball
3-2: Foul Ball, location: 2F
3-2: Foul Ball, location: 2F
3-2: Foul Ball, location: 2F
3-2: Fly out, F8 (Flyball, 8LS)
Batting: RHB Carlos García 0-0: Foul Ball, location: 2F
0-1: Ball
1-1: Ball
2-1: Ball
3-1: Fly out, F6 (Line Drive, 6M)
Top of the 3rd over - 0 run(s), 0 hit(s), 0 error(s), 0 left on base; Hendersonville 0 - Chicago 2
BOTTOM OF THE 3RD
Chicago Machine batting - Pitching for Hendersonville Hitmen : RHP Carlos Hernández
Batting: LHB Francisco Vega 0-0: Ball
1-0: Ball
2-0: Ball
3-0: Base on Balls
Batting: SHB Joaquín López 0-0: SINGLE (Line Drive, 56D)
Francisco Vega to second
Batting: LHB Bob Smith 0-0: Ball
Francisco Vega is caught stealing 3rd base
Joaquín López to second
1-0: Called Strike
1-1: Fly out, F7 (Line Drive, 78S)
Batting: LHB Eric Wheeler 0-0: Ball
1-0: Ground out 4-3 (Groundball, 4)
Bottom of the 3rd over - 0 run(s), 1 hit(s), 0 error(s), 1 left on base; Hendersonville 0 - Chicago 2
TOP OF THE 4TH
Hendersonville Hitmen batting - Pitching for Chicago Machine : RHP Geoffrey Keller
Batting: SHB Tony López 0-0: Foul Ball, location: 2F
0-1: Swinging Strike
0-2: Ground out 6-3 (Groundball, 6)
Batting: RHB Manolo Román 0-0: Ball
1-0: Called Strike
1-1: Foul Ball, location: 2F
1-2: Ball
2-2: Foul Ball, location: 2F
2-2: Foul Ball, location: 2F
2-2: Foul Ball, location: 2F
2-2: Ball
3-2: Foul Ball, location: 2F
3-2: Ground out 1-3 (Groundball, 13S)
Batting: LHB Lorenzo Villa 0-0: Swinging Strike
0-1: Foul Ball, location: 2F
0-2: Ball
1-2: Ball
2-2: Ball
3-2: Fly out, F7 (Flyball, 78M)
Top of the 4th over - 0 run(s), 0 hit(s), 0 error(s), 0 left on base; Hendersonville 0 - Chicago 2
BOTTOM OF THE 4TH
Chicago Machine batting - Pitching for Hendersonville Hitmen : RHP Carlos Hernández
Batting: RHB Roberto Cardona 0-0: Foul Ball, location: 2F
0-1: Foul Ball, location: 2F
0-2: Ball
1-2: Ball
2-2: Foul Ball, location: 2F
2-2: Strikes out looking
Batting: LHB Marcos Vargas 0-0: Called Strike
0-1: Ball
1-1: Called Strike
1-2: Foul Ball, location: 2F
1-2: DOUBLE (Line Drive, 8RXD)
Batting: LHB Domingo Flores 0-0: SINGLE (Line Drive, 4MD)
Marcos Vargas to third
Runner from 3rd tries for Home, SAFE, throw made home
Domingo Flores to second
Batting: RHB Fabrice Brodeur 0-0: Called Strike
0-1: Fly out, F8 (Line Drive, 8LM)
Batting: RHB Rick Ayliffe 0-0: Ball
1-0: Ground out 6-3 (Groundball, 6)
Bottom of the 4th over - 1 run(s), 2 hit(s), 0 error(s), 1 left on base; Hendersonville 0 - Chicago 3
TOP OF THE 5TH
Hendersonville Hitmen batting - Pitching for Chicago Machine : RHP Geoffrey Keller
Batting: LHB Terry White 0-0: Ball
1-0: Called Strike
1-1: Swinging Strike
1-2: Foul Ball, location: 2F
1-2: Ground out U3 (Groundball, 3L)
Batting: SHB David Johnstone 0-0: Called Strike
0-1: Ball
1-1: Called Strike
1-2: Foul Ball, location: 2F
1-2: Ground out 5-3 (Groundball, 56S)
Batting: LHB Jerry Johnston 0-0: Swinging Strike
0-1: Ball
1-1: Called Strike
1-2: Foul Ball, location: 2F
1-2: Ground out 4-3 (Groundball, 4)
Top of the 5th over - 0 run(s), 0 hit(s), 0 error(s), 0 left on base; Hendersonville 0 - Chicago 3
BOTTOM OF THE 5TH
Chicago Machine batting - Pitching for Hendersonville Hitmen : RHP Carlos Hernández
Batting: LHB Francisco Vega 0-0: Called Strike
0-1: Ground out 6-3 (Groundball, 6M)
Batting: SHB Joaquín López 0-0: Ground out 1-3 (Groundball, 25)
Batting: LHB Bob Smith 0-0: Called Strike
0-1: Ground out 5-3 (Groundball, 56S)
Bottom of the 5th over - 0 run(s), 0 hit(s), 0 error(s), 0 left on base; Hendersonville 0 - Chicago 3
TOP OF THE 6TH
Hendersonville Hitmen batting - Pitching for Chicago Machine : RHP Geoffrey Keller
Batting: RHB Junior Vargas 0-0: Called Strike
0-1: Ball
1-1: Called Strike
1-2: Ball
2-2: Ball
3-2: Strikes out swinging
Batting: RHB Taylor McFarland 0-0: Ball
1-0: Ground out 1-3 (Groundball, 13)
Batting: RHB Carlos García 0-0: Ball
1-0: Ball
2-0: Ball
3-0: TRIPLE (Flyball, 8RXD)
Batting: SHB Tony López 0-0: Called Strike
0-1: Foul Ball, location: 2F
0-2: Ball
1-2: Foul Ball, location: 2F
1-2: Strikes out swinging
Top of the 6th over - 0 run(s), 1 hit(s), 0 error(s), 1 left on base; Hendersonville 0 - Chicago 3
BOTTOM OF THE 6TH
Chicago Machine batting - Pitching for Hendersonville Hitmen : RHP Carlos Hernández
Batting: LHB Eric Wheeler 0-0: Ground out 6-3 (Groundball, 6M)
Batting: RHB Roberto Cardona 0-0: Ball
1-0: Ground out 4-3 (Groundball, 4M)
Batting: LHB Marcos Vargas 0-0: Ground out 4-3 (Groundball, 4)
Bottom of the 6th over - 0 run(s), 0 hit(s), 0 error(s), 0 left on base; Hendersonville 0 - Chicago 3
TOP OF THE 7TH
Hendersonville Hitmen batting - Pitching for Chicago Machine : RHP Geoffrey Keller
Batting: RHB Manolo Román 0-0: Ball
1-0: Ball
2-0: Called Strike
2-1: Foul Ball, location: 2F
2-2: Foul Ball, location: 2F
2-2: Ground out 6-3 (Groundball, 6)
Batting: LHB Lorenzo Villa 0-0: Called Strike
0-1: Ball
1-1: Ground out 4-3 (Groundball, 4M)
Batting: LHB Terry White 0-0: Called Strike
0-1: Ball
1-1: Swinging Strike
1-2: Foul Ball, location: 2F
1-2: Ball
2-2: Foul Ball, location: 2F
2-2: Ball
3-2: Ground out 6-3 (Groundball, 6M)
Top of the 7th over - 0 run(s), 0 hit(s), 0 error(s), 0 left on base; Hendersonville 0 - Chicago 3
BOTTOM OF THE 7TH
Chicago Machine batting - Pitching for Hendersonville Hitmen : RHP Carlos Hernández
Batting: LHB Domingo Flores 0-0: Ball
1-0: Ball
2-0: Ball
3-0: Base on Balls
Batting: RHB Fabrice Brodeur 0-0: Bunt missed!
0-1: Sac Bunt - play at second, runner OUT! 3-6
Batting: RHB Rick Ayliffe 0-0: Swinging Strike
0-1: Ball
1-1: Fly out, F8 (Popup, 8RS)
Batting: LHB Francisco Vega 0-0: Ball
1-0: SINGLE (Line Drive, 6MD)
Fabrice Brodeur to second
Batting: SHB Joaquín López 0-0: Swinging Strike
0-1: Ground out U3 (Groundball, 3L)
Bottom of the 7th over - 0 run(s), 1 hit(s), 0 error(s), 2 left on base; Hendersonville 0 - Chicago 3
TOP OF THE 8TH
Hendersonville Hitmen batting - Pitching for Chicago Machine : RHP Geoffrey Keller
Pitching: RHP César Menéndez
Batting: SHB David Johnstone 0-0: Ball
1-0: Foul Ball, location: 2F
1-1: Called Strike
1-2: Foul Ball, location: 2F
1-2: Ball
2-2: Foul Ball, location: 2F
2-2: Foul Ball, location: 2F
2-2: Ball
3-2: Strikes out looking
Batting: LHB Jerry Johnston 0-0: Swinging Strike
0-1: Ball
1-1: Foul Ball, location: 2F
1-2: Ground out 4-3 (Groundball, 34)
Batting: RHB Junior Vargas 0-0: Swinging Strike
0-1: Ball
1-1: Ball
2-1: Ball
3-1: Called Strike
3-2: Strikes out swinging
Top of the 8th over - 0 run(s), 0 hit(s), 0 error(s), 0 left on base; Hendersonville 0 - Chicago 3
BOTTOM OF THE 8TH
Chicago Machine batting - Pitching for Hendersonville Hitmen : RHP Carlos Hernández
Batting: LHB Bob Smith 0-0: Swinging Strike
0-1: Foul Ball, location: 2F
0-2: Ball
1-2: SINGLE (Groundball, 5D)
Batting: LHB Eric Wheeler 0-0: Called Strike
0-1: SINGLE (Line Drive, 8RS)
Bob Smith to second
Batting: RHB Roberto Cardona 0-0: Called Strike
0-1: Fly out, F6 (Popup, 6MD)
Batting: LHB Marcos Vargas 0-0: Foul Ball, location: 2F
0-1: Ball
1-1: Foul Ball, location: 2F
1-2: Ball
2-2: Foul Ball, location: 2F
2-2: Ball
3-2: Fly out, F4 (Line Drive, 4)
Batting: LHB Domingo Flores 0-0: Ball
1-0: Swinging Strike
1-1: Foul Ball, location: 2F
1-2: Ball
2-2: Strikes out looking
Bottom of the 8th over - 0 run(s), 2 hit(s), 0 error(s), 2 left on base; Hendersonville 0 - Chicago 3
TOP OF THE 9TH
Hendersonville Hitmen batting - Pitching for Chicago Machine : RHP César Menéndez
Pitching: LHP Valentín Reséndez
Now at 1B: Derek Ramsey
Batting: RHB Taylor McFarland 0-0: Ball
1-0: Ball
2-0: Ball
3-0: Called Strike
3-1: Foul Ball, location: 2F
3-2: Foul Ball, location: 2F
3-2: Foul Ball, location: 2F
3-2: Fly out, F4 (Popup, 4MS)
Batting: RHB Carlos García 0-0: Ground out 5-3 (Groundball, 5L)
Batting: SHB Tony López 0-0: Called Strike
0-1: Ground out 6-3 (Groundball, 6M)
Top of the 9th over - 0 run(s), 0 hit(s), 0 error(s), 0 left on base; Hendersonville 0 - Chicago 3
This league is powered by Out of the Park Baseball, the baseball management simulation game for PC, Mac and Linux
Saturday, April 9th, 2016 - OOTP Baseball 16.8 Build 38